 Dungeon Crawl Stone Soup version 0.20-a0-633-gff4aa5c (webtiles) character file.

1208 bza the Cleaver (level 8, -1/68 HPs)
             Began as a Deep Dwarf Fighter on Feb 12, 2017.
             Slain by a gnoll sergeant
             ... wielding a +0 trident
              (12 damage)
             ... on level 5 of the Dungeon.
             The game lasted 00:07:23 (3115 turns).

bza the Cleaver (Deep Dwarf Fighter)                Turns: 3115, Time: 00:07:23

Health: -1/68      AC:  7    Str: 25    XL:     8   Next: 21%
Magic:  5/5        EV:  7    Int:  9    God:
Gold:   270        SH:  9    Dex: 12    Spells: 7/7 levels left

rFire    . . .     SeeInvis .   a - +0 war axe
rCold    . . .     Gourm    .   b - +0 scale mail
rNeg     . . .     Faith    .   c - +0 shield
rPois    .         Spirit   .   (no helmet)
rElec    .         Reflect  .   (no cloak)
rCorr    .         Harm     .   k - +0 pair of gloves {Str+3}
MR       +....                  (no boots)
Stlth    ..........             (no amulet)
Regen    0.0/turn               (no ring)
                                (no ring)

@: non-regenerating, heavily drained
A: damage resistance, heal wounds, sense surroundings 1, slow regeneration 3
a: Heal Wounds


You were on level 5 of the Dungeon.
You were hungry.

You visited 1 branch of the dungeon, and saw 5 of its levels.
You also visited: Sewer.

You collected 270 gold pieces.

Inventory:

Hand Weapons
 a - a +0 war axe (weapon)
Missiles
 l - 8 tomahawks (quivered)
Armour
 b - a +0 scale mail (worn)
 c - a +0 shield (worn)
 k - a +0 pair of gloves of strength (worn)
 t - a +1 ring mail of fire resistance
 w - a +0 chain mail
Scrolls
 d - a scroll of blinking {unknown}
 e - 4 scrolls of magic mapping {unknown}
 g - 5 scrolls of teleportation {unknown}
 h - 7 scrolls of identify {unknown}
 i - a scroll of fog {unknown}
 n - 3 scrolls of fear {unknown}
 u - 3 scrolls of recharging {unknown}
 v - 3 scrolls of remove curse {unknown}
Potions
 j - 2 potions of ambrosia {unknown}
 o - 3 potions of mutation {unknown}
 p - 2 potions of brilliance {unknown}
 q - 3 potions of curing
 r - a potion of flight {unknown}
 s - a potion of haste {unknown}
Comestibles
 f - 2 bread rations
 m - 4 meat rations
 x - 2 royal jellies


   Skills:
 - Level 2.6(0.9) Fighting
 + Level 10.9(8.7) Axes
 - Level 3.2(1.5) Armour
 - Level 3.2(1.5) Shields


You had 7 spell levels left.
You didn't know any spells.

Dungeon Overview and Level Annotations

Branches:
Dungeon (5/15)
 Temple: D:4-7

Altars:
Cheibriados
Qazlal


Innate Abilities, Weirdness & Mutations

You are resistant to damage.
You can heal yourself by infusing magical energy.
You passively map a small area around you.
You do not regenerate.


Message History

The wight hits you with a falchion!
Your shield prevents you from hitting the wight.
The wight is lightly damaged.
You block the gnoll sergeant's attack. The wight hits you with a falchion.
* * * LOW HITPOINT WARNING * * *
You feel drained.
You fail to use your ability.
The gnoll sergeant barely misses you. The wight hits you but does no damage.
The wight blocks your attack.
The wight is lightly damaged.
The gnoll sergeant barely misses you. The wight hits you with a falchion.
You barely miss the wight.
The wight is lightly damaged.
The gnoll sergeant hits you from afar with a trident!
* * * LOW HITPOINT WARNING * * *
The wight barely misses you. The wight blocks your attack.
The wight is lightly damaged.
The gnoll sergeant hits you from afar with a trident!
You die...

#### * #......... ,
...#### .......
...#....## #...#* *
#.......# ##..# ** * * *
#..####..## ##.* *
#....)z.## ###... * ****
#...##..# #....###
,,#..#.##.#####......##
, #.##....gz@.........#
,... #.....###.........
.........#.............
...###########..........
... ####..........* ,
*##.......##.. ,
##..♣...♣..##
*#.......[...#, * ,
#.....♣.....#


You could see a gnoll sergeant and a wight.

Vanquished Creatures
  Sigmund (D:2)
  The ghost of dolemite99 the Cutter, an amateur VSMo (D:4)
  An orc warrior (D:5)
  Purgy (Sewer)
  A sky beast (D:5)
  A wight (D:5)
  A howler monkey (D:5)
  2 crimson imps (D:5)
  An orc priest (D:4)
  A jelly (D:4)
  An orc wizard (D:4)
  Jessica (D:2)
  Natasha (twice) (D:4)
  4 worker ants
  A hound skeleton (D:4)
  A gnoll (D:1)
  A river rat (D:3)
  8 adders
  2 worms
  4 dart slugs
  4 leopard geckos
  4 orcs
  2 ball pythons
  7 giant cockroaches
  8 goblins
  7 hobgoblins
  6 kobolds
  11 bats
  6 frilled lizards
  A leopard gecko skeleton (D:4)
  5 rats
97 creatures vanquished.

Notes
Turn   | Place    | Note
-------+----------+-------------------------------------------
     0 | D:1      | bza the Deep Dwarf Fighter began the quest for the Orb.
     0 | D:1      | Reached XP level 1. HP: 20/20 MP: 1/1
    41 | D:1      | Reached skill level 3 in Axes
    41 | D:1      | Reached XP level 2. HP: 27/27 MP: 2/2
   260 | D:1      | Reached XP level 3. HP: 28/33 MP: 3/3
   412 | D:1      | Reached skill level 4 in Axes
   594 | D:2      | Noticed Sigmund
   775 | D:2      | Killed Sigmund
   775 | D:2      | Reached skill level 6 in Axes
   775 | D:2      | Reached XP level 4. HP: 24/40 MP: 4/4
   775 | D:2      | Reached XP level 5. HP: 28/46 MP: 5/5
   878 | D:2      | Noticed Jessica
   882 | D:2      | Killed Jessica
   888 | D:2      | Found a faded altar of an unknown god.
  1051 | D:2      | Reached skill level 7 in Axes
  1051 | D:2      | Reached XP level 6. HP: 32/55 MP: 6/6
  1296 | D:3      | Found a glowing drain.
  1300 | Sewer    | Entered a sewer
  1325 | Sewer    | Noticed Purgy
  1332 | Sewer    | Killed Purgy
  2017 | D:3      | Found a snail-covered altar of Cheibriados.
  2043 | D:3      | Reached skill level 8 in Axes
  2178 | D:4      | Noticed dolemite99's ghost (amateur VSMo)
  2274 | D:4      | Noticed Natasha
  2284 | D:4      | HP: 1/55 [Natasha (4)]
  2291 | D:4      | Reached XP level 7. HP: 41/61 MP: 5/5
  2293 | D:4      | Killed Natasha
  2296 | D:4      | HP: 3/61 [poisoned by an orc wizard]
  2329 | D:4      | Found a stormy altar of Qazlal.
  2416 | D:4      | Killed dolemite99's ghost
  2416 | D:4      | Reached skill level 9 in Axes
  2719 | D:4      | Noticed Natasha
  2731 | D:4      | Killed Natasha
  3000 | D:5      | Entered Level 5 of the Dungeon
  3017 | D:5      | Reached skill level 10 in Axes
  3026 | D:5      | Reached XP level 8. HP: 26/68 MP: 6/6
  3093 | D:5      | HP: 2/68 [gnoll sergeant/trident (5)]
  3115 | D:5      | Slain by a gnoll sergeant

Vault maps used:
D:1:      lightli_arrival_isolated_outpost
D:2:      chequers_ecumenical_altar_simple, uniq_sigmund, uniq_jessica
D:3:      lemuel_crystal_altar, gup_sewer_entry_spiral
D:4:      first_bread, minmay_misc_feat_plants,
          nicolae_qazlal_general_emergency, uniq_natasha
D:5:      nemelex_altar_shiori, temple_hall, serial_shops, nicolae_shop_trees,
          grunt_ministairs_10, sword_in_stone
Sewer:    sewer_big_baddie

Skill      XL: |  1  2  3  4  5  6  7 |
---------------+----------------------+-----
Axes           | 3 6 7 8 10 | 10.9
Fighting       | |  2.6
Armour         | |  3.2
Shields        | |  3.2

Action                   |  1- 3 |  4- 6 |  7- 9 || total
-------------------------+-------+-------+-------++-------
Melee: War axe           |    79 |   130 |   104 ||   313
Throw: Tomahawk          |       |     3 |     1 ||     4
 Abil: Heal Wounds       |       |     5 |     7 ||    12
  Use: Potion            |       |     1 |     1 ||     2
  Eat: Chunk             |       |     5 |     2 ||     7
Armor: Scale mail        |    30 |    43 |    40 ||   113
Dodge: Dodged            |    20 |    33 |    22 ||    75
Block: Shield            |    48 |    66 |    49 ||   163
